WCHLSIM.com - West Coast Hockey League
html PUBLIC "-//W3C//DTD XHTML 1.0 Transitional//EN" "http://www.w3.org/TR/xhtml1/DTD/xhtml1-transitional.dtd"> WCHL - Game 773 - SALEM BLACK JAYS vs TEXAS TOROS

SALEM BLACK JAYS vs TEXAS TOROS

Created - 5 février 2020 at 17:38

Goals
1 2 3 T
SALEM BLACK JAYS 1 1 0 2
TEXAS TOROS 0 1 2 3
Shots
1 2 3 T
SALEM BLACK JAYS 6 10 9 25
TEXAS TOROS 4 15 9 28

1st period

1. SALEM BLACK JAYS , Mikko Rantanen 29 (Mathew Barzal 29, Michal Kempny 13) at 13:12

Penalties :
Madison Bowey (TEX) for Holding (Minor) at 7:49, Mikko Rantanen (SAL) for Hooking (Minor) at 16:34

2nd period

2. TEXAS TOROS , Alexander Wennberg 2 (Derek Stepan 24, Tyson Barrie 28) at 1:00
3. SALEM BLACK JAYS , Mitchell Marner 32 (Dylan Larkin 32) at 17:40

Penalties :
Marcus Johansson (SAL) for Cross-checking (Minor) at 5:34, Nick Cousins (TEX) for Roughing (Minor) at 12:26

3rd period

4. TEXAS TOROS , Derek Stepan 17 (Alexander Wennberg 2, Justin Abdelkader 5) at 8:01
5. TEXAS TOROS , Tyson Barrie 4 (Nikolaj Ehlers 12, Derek Stepan 25) at 12:40 (PP)

Penalties :
Mathew Barzal (SAL) for Hooking (Minor) at 2:49, Erik Johnson (TEX) for Elbowing (Minor) at 8:18, Mathew Barzal (SAL) for High sticking (Minor) at 12:00

Goalie Stats

Mike Smith (SAL), 25 saves from 28 shots - (0,893), L, 23-17-3, 59:09 minutes
Cory Schneider (TEX), 23 saves from 25 shots - (0,920), W, 13-12-0, 60:00 minutes

Players Stats for SALEM BLACK JAYS

Player Name              G  A  P  +/- PIM S  H  SB GA TA FO     MP     PP MP  PK MP  
------------------------------------------------------------------------------------
Adam Larsson             0  0  0  -1  0   1  3  0  0  0  0/0    15:07   0:35   0:00 
Anthony DeAngelo         0  0  0   0  0   0  0  0  0  0  0/0     5:26   3:21   0:00 
Casey Cizikas            0  0  0   0  0   2  0  0  0  0  5/10   10:53   0:00   0:00 
Cody Ceci                0  0  0   0  0   1  3  1  0  0  0/0    22:56   2:36   3:43 
Dylan Larkin             0  1  1  -1  0   5  2  0  0  0  14/27  21:38   3:02   2:30 
Jason Demers             0  0  0  -1  0   0  1  0  0  0  0/0    14:32   0:00   0:00 
Joshua Morrissey         0  0  0   0  0   0  3  2  0  0  0/0    25:11   2:46   3:43 
Kyle Clifford            0  0  0   0  0   0  0  0  0  0  0/0     4:16   0:00   0:07 
Marcus Johansson         0  0  0   1  2   0  0  0  0  0  0/1    19:12   2:55   0:00 
Martin Necas             0  0  0   0  0   3  0  0  0  0  0/0    10:53   0:00   0:00 
Mathew Barzal            0  1  1   1  4   3  2  0  0  0  10/22  20:03   2:55   0:52 
Matthew Calvert          0  0  0  -1  0   0  3  0  0  0  0/2    18:37   3:02   0:00 
Michal Kempny            0  1  1   1  0   0  0  1  0  0  0/0    19:42   2:36   2:54 
Mikko Rantanen           1  0  1   1  2   5  3  0  0  0  1/6    22:58   2:55   3:15 
Mitchell Marner          1  0  1  -1  0   1  0  0  0  0  1/2    23:51   3:02   4:43 
Par Lindholm             0  0  0   0  0   3  2  0  0  0  2/5    16:49   0:00   1:47 
Scott Mayfield           0  0  0   1  0   0  5  1  0  0  0/0    17:06   0:00   2:54 
Trevor Lewis             0  0  0   0  0   1  0  0  0  0  0/0     4:09   0:00   0:00 

Players Stats for TEXAS TOROS

Player Name              G  A  P  +/- PIM S  H  SB GA TA FO     MP     PP MP  PK MP  
------------------------------------------------------------------------------------
Alexander Wennberg       1  1  2   2  0   1  0  0  0  0  0/0     5:42   0:00   0:00 
Braydon Coburn           0  0  0   0  0   0  0  0  0  0  0/0     0:41   0:00   0:41 
Brock McGinn             0  0  0  -2  0   2  3  1  0  0  2/2    18:13   4:15   2:15 
David Savard             0  0  0   0  0   2  1  2  0  0  0/0    20:59   3:05   2:05 
Derek Stepan             1  2  3   0  0   7  0  0  0  0  18/29  25:22   4:15   3:42 
Dmitry Kulikov           0  0  0   1  0   0  0  1  0  0  0/0    14:30   0:00   0:00 
Erik Gustafsson          0  0  0   0  0   1  1  0  0  0  0/0    21:27   3:05   2:33 
Erik Johnson             0  0  0  -1  2   1  1  1  0  0  0/0    23:05   3:32   2:27 
Jack Roslovic            0  0  0   0  0   1  0  0  0  0  1/1    13:23   0:00   0:00 
Jake Virtanen            0  0  0   0  0   4  1  0  0  0  0/0    19:00   2:22   0:00 
Johan Larsson            0  0  0   0  0   0  1  0  0  0  14/25  21:15   2:22   2:15 
Justin Abdelkader        0  1  1   2  0   0  2  0  0  0  3/6     5:55   0:00   0:00 
Madison Bowey            0  0  0   1  2   0  0  4  0  0  0/0    15:01   0:00   0:32 
Nick Cousins             0  0  0   0  2   1  2  0  0  0  0/0    15:31   2:22   0:00 
Nikolaj Ehlers           0  1  1  -2  0   5  0  0  0  0  0/0    19:40   4:15   3:42 
Riley Nash               0  0  0   0  0   0  1  0  0  0  3/11   13:23   0:00   0:00 
Sven Baertschi           0  0  0   0  0   0  0  0  0  0  1/1    16:38   0:00   0:00 
Tyson Barrie             1  1  2  -1  0   3  0  0  0  0  0/0    24:15   3:32   3:36 

3 Stars

1 - Alexander Wennberg (TEX)
2 - Derek Stepan (TEX)
3 - Tyson Barrie (TEX)

Power Play

SALEM BLACK JAYS - 0 on 3 Attempt(s) - 0,00%
TEXAS TOROS - 1 on 4 Attempt(s) - 25,00%

Penalty Kill

SALEM BLACK JAYS - 3 on 4 Attempt(s) - 75,00% - Score 0 goal in Penalty Kill
TEXAS TOROS - 3 on 3 Attempt(s) - 100,00% - Score 0 goal in Penalty Kill

Team Stat

SALEM BLACK JAYS - Hits : 27 - Faceoff Wins : 33 - Blocked Shots : 5 - Penalty Minutes : 8
TEXAS TOROS - Hits : 13 - Faceoff Wins : 42 - Blocked Shots : 9 - Penalty Minutes : 6

Official

Referees : Dennis LaRue and Furman South
Linesman : Justin Hedlund and Mitch MacPherson

Game Notes

No Game Note

Finance

Level 1 -- Attendance: 6423 (98,82%) -- Ticket Income 655 146 $
Level 2 -- Attendance: 5500 (100,00%) -- Ticket Income 357 500 $
Level 3 -- Attendance: 2690 (89,67%) -- Ticket Income 99 530 $
Level 4 -- Attendance: 4593 (91,86%) -- Ticket Income 114 825 $
Luxury Box -- Attendance: 947 (94,70%) -- Ticket Income 198 870 $
Game was played at the Red Bull Arena.
Total Attendance: 20153 (95,97%)
Total Ticket Income: 1 425 871 $
Other Income: 427 761 $
Total Income: 1 853 632 $

SALEM BLACK JAYS

5 vs 5 Forward 
   Center                   Left Wing                Right Wing               Time % Phy DF OF 
 1 Dylan Larkin             Matthew Calvert          Mitchell Marner          36     1   2  2  
 2 Mathew Barzal            Marcus Johansson         Mikko Rantanen           36     1   2  2  
 3 Casey Cizikas            Par Lindholm             Martin Necas             20     1   2  2  
 4 Par Lindholm             Kyle Clifford            Trevor Lewis             8      3   2  0  

5 vs 5 Defense 
   Defense                  Defense                                           Time % Phy DF OF 
 1 Joshua Morrissey         Cody Ceci                                         36     1   2  2  
 2 Michal Kempny            Scott Mayfield                                    31     1   2  2  
 3 Jason Demers             Adam Larsson                                      23     1   2  2  
 4 Joshua Morrissey         Anthony DeAngelo                                  10     1   2  2  

PowerPlay Forward 
   Center                   Left Wing                Right Wing               Time % Phy DF OF 
 1 Dylan Larkin             Matthew Calvert          Mitchell Marner          55     1   2  2  
 2 Mathew Barzal            Marcus Johansson         Mikko Rantanen           45     1   2  2  

PowerPlay Defense
   Defense                  Defense                                           Time % Phy DF OF 
 1 Joshua Morrissey         Anthony DeAngelo                                  55     1   2  2  
 2 Cody Ceci                Michal Kempny                                     45     1   2  2  

Penalty Kill 4 Players Forward 
   Center                   Wing                     Time % Phy DF OF 
 1 Mikko Rantanen           Mitchell Marner          55     1   2  2  
 2 Dylan Larkin             Par Lindholm             45     1   2  2  

Penalty Kill 4 Players Defense
   Defense                  Defense                  Time % Phy DF OF 
 1 Joshua Morrissey         Cody Ceci                55     1   2  2  
 2 Michal Kempny            Scott Mayfield           45     1   2  2  

Penalty Kill - 3 Players Forward 
   Forward                                           Time % Phy DF OF 
 1 Dylan Larkin                                      55     1   2  2  
 2 Mitchell Marner                                   45     1   2  2  

Penalty Kill - 3 Players Defense
   Defense                  Defense                  Time % Phy DF OF 
 1 Joshua Morrissey         Cody Ceci                55     1   2  2  
 2 Michal Kempny            Scott Mayfield           45     1   2  2  

4 vs 4 Forward 
   Center                   Wing                     Time % Phy DF OF 
 1 Mathew Barzal            Mitchell Marner          55     1   2  2  
 2 Dylan Larkin             Mikko Rantanen           45     1   2  2  

4 vs 4 Defense
   Defense                  Defense                  Time % Phy DF OF 
 1 Joshua Morrissey         Anthony DeAngelo         55     1   2  2  
 2 Cody Ceci                Michal Kempny            45     1   2  2  

Last Minutes Offensive
   Center                   Left Wing                Right Wing               Defense                  Defense                  
   Dylan Larkin             Mikko Rantanen           Mitchell Marner          Joshua Morrissey         Anthony DeAngelo         

Last Minutes Defensive
   Center                   Left Wing                Right Wing               Defense                  Defense                  
   Dylan Larkin             Mikko Rantanen           Mitchell Marner          Joshua Morrissey         Anthony DeAngelo         

Goaltenders
Starting : Mike Smith               
Backup : Juuse Saros              

Extra Forwards
Normal : Par Lindholm, Martin Necas, Mitchell Marner - PP : Martin Necas, Par Lindholm - PK : Mathew Barzal
Extra Defensemen
Normal : Michal Kempny, Scott Mayfield, Anthony DeAngelo - PP : Michal Kempny - PK : Scott Mayfield, Anthony DeAngelo
Penalty Shots
Mikko Rantanen, Mitchell Marner, Martin Necas, Mathew Barzal, Marcus Johansson
Custom OT Lines Forwards
Dylan Larkin, Mitchell Marner, Mikko Rantanen, Mathew Barzal, Matthew Calvert, Marcus Johansson, Martin Necas, Casey Cizikas, Par Lindholm, Trevor Lewis
Custom OT Lines Defensemen
Joshua Morrissey, Cody Ceci, Anthony DeAngelo, Adam Larsson, Michal Kempny

Scratches
Andrew Welinski (Healthy), Calle Rosen (Healthy), Devante Stephens (Healthy), Jimmy Schuldt (Healthy), Kevin Gravel (Healthy)
Nicolas Kerdiles (Healthy), Scott Kosmachuk (Healthy), Harri Sateri (Healthy)

TEXAS TOROS

5 vs 5 Forward 
   Center                   Left Wing                Right Wing               Time % Phy DF OF 
 1 Derek Stepan             Nikolaj Ehlers           Brock McGinn             36     1   2  2  
 2 Johan Larsson            Sven Baertschi           Jake Virtanen            31     1   2  2  
 3 Riley Nash               Nick Cousins             Jack Roslovic            23     1   2  2  
 4 Justin Abdelkader        Alexander Wennberg       Derek Stepan             10     1   2  2  

5 vs 5 Defense 
   Defense                  Defense                                           Time % Phy DF OF 
 1 Erik Johnson             Tyson Barrie                                      36     1   2  2  
 2 Erik Gustafsson          David Savard                                      31     1   2  2  
 3 Dmitry Kulikov           Madison Bowey                                     23     1   2  2  
 4 Erik Johnson             Tyson Barrie                                      10     1   2  2  

PowerPlay Forward 
   Center                   Left Wing                Right Wing               Time % Phy DF OF 
 1 Derek Stepan             Nikolaj Ehlers           Brock McGinn             55     1   2  2  
 2 Johan Larsson            Nick Cousins             Jake Virtanen            45     1   2  2  

PowerPlay Defense
   Defense                  Defense                                           Time % Phy DF OF 
 1 Erik Johnson             Tyson Barrie                                      55     1   2  2  
 2 Erik Gustafsson          David Savard                                      45     1   2  2  

Penalty Kill 4 Players Forward 
   Center                   Wing                     Time % Phy DF OF 
 1 Derek Stepan             Nikolaj Ehlers           55     1   2  2  
 2 Brock McGinn             Johan Larsson            45     1   2  2  

Penalty Kill 4 Players Defense
   Defense                  Defense                  Time % Phy DF OF 
 1 Erik Johnson             Tyson Barrie             55     1   2  2  
 2 Erik Gustafsson          David Savard             45     1   2  2  

Penalty Kill - 3 Players Forward 
   Forward                                           Time % Phy DF OF 
 1 Derek Stepan                                      55     1   2  2  
 2 Nikolaj Ehlers                                    45     1   2  2  

Penalty Kill - 3 Players Defense
   Defense                  Defense                  Time % Phy DF OF 
 1 Erik Johnson             Tyson Barrie             55     1   2  2  
 2 Erik Gustafsson          David Savard             45     1   2  2  

4 vs 4 Forward 
   Center                   Wing                     Time % Phy DF OF 
 1 Derek Stepan             Nikolaj Ehlers           55     1   2  2  
 2 Brock McGinn             Johan Larsson            45     1   2  2  

4 vs 4 Defense
   Defense                  Defense                  Time % Phy DF OF 
 1 Erik Johnson             Tyson Barrie             55     1   2  2  
 2 Erik Gustafsson          David Savard             45     1   2  2  

Last Minutes Offensive
   Center                   Left Wing                Right Wing               Defense                  Defense                  
   Derek Stepan             Nikolaj Ehlers           Brock McGinn             Erik Johnson             Tyson Barrie             

Last Minutes Defensive
   Center                   Left Wing                Right Wing               Defense                  Defense                  
   Derek Stepan             Nikolaj Ehlers           Brock McGinn             Erik Johnson             Tyson Barrie             

Goaltenders
Starting : Cory Schneider           
Backup : Anders Nilsson           

Extra Forwards
Normal : Sven Baertschi, Riley Nash, Jack Roslovic - PP : Sven Baertschi, Riley Nash - PK : Jack Roslovic
Extra Defensemen
Normal : Dmitry Kulikov, Madison Bowey, Erik Gustafsson - PP : Dmitry Kulikov - PK : Madison Bowey, Erik Gustafsson
Penalty Shots
Derek Stepan, Nikolaj Ehlers, Brock McGinn, Johan Larsson, Jake Virtanen
Custom OT Lines Forwards
Derek Stepan, Nikolaj Ehlers, Brock McGinn, Johan Larsson, Jake Virtanen, Nick Cousins, Sven Baertschi, Riley Nash, Jack Roslovic, Justin Abdelkader
Custom OT Lines Defensemen
Erik Johnson, Tyson Barrie, Erik Gustafsson, David Savard, Dmitry Kulikov

Scratches
Sergei Boikov (Healthy), Christoffer Ehn (Healthy), Johnathan Kovacevic (Healthy), Patrick Russell (Healthy), Ryan Sproul (Healthy)
Nathan Walker (Healthy), Ryan Olsen (Healthy)

% Time on Ice - SALEM BLACK JAYS

Lines # - Real PCT - Wanted PCT - Time Play
Normal Forward
1 - 33% - 36% - 15:35
2 - 35% - 36% - 16:18
3 - 23% - 20% - 10:53
4 - 9% - 8% - 4:09
Normal Defense
1 - 35% - 36% - 16:37
2 - 30% - 31% - 14:12
3 - 31% - 23% - 14:32
4 - 3% - 10% - 1:34
PP Forward
1 - 51% - 55% - 3:02
2 - 49% - 45% - 2:55
PP Defense
1 - 56% - 55% - 3:21
2 - 44% - 45% - 2:36
PK Forward
1 - 73% - 55% - 4:50
2 - 27% - 45% - 1:47
PK Defense
1 - 56% - 55% - 3:43
2 - 44% - 45% - 2:54
PK3 Forward
1 - 0% - 55%
2 - 0% - 45%
PK3 Defense
1 - 0% - 55%
2 - 0% - 45%
44 Forward
1 - 0% - 55%
2 - 0% - 45%
44 Defense
1 - 0% - 55%
2 - 0% - 45%
Last Minute Offensive  - 0:31
Last Minute Defensive  - 0:00
Total
Forward - 60:00
Defense - 60:00

% Time on Ice - TEXAS TOROS

Lines # - Real PCT - Wanted PCT - Time Play
Normal Forward
1 - 25% - 36% - 11:43
2 - 35% - 31% - 16:38
3 - 28% - 23% - 13:10
4 - 12% - 10% - 5:42
Normal Defense
1 - 32% - 36% - 15:14
2 - 33% - 31% - 15:49
3 - 30% - 23% - 14:17
4 - 4% - 10% - 1:53
PP Forward
1 - 64% - 55% - 4:15
2 - 36% - 45% - 2:22
PP Defense
1 - 53% - 55% - 3:32
2 - 47% - 45% - 3:05
PK Forward
1 - 62% - 55% - 3:42
2 - 38% - 45% - 2:15
PK Defense
1 - 65% - 55% - 3:52
2 - 35% - 45% - 2:05
PK3 Forward
1 - 0% - 55%
2 - 0% - 45%
PK3 Defense
1 - 0% - 55%
2 - 0% - 45%
44 Forward
1 - 0% - 55%
2 - 0% - 45%
44 Defense
1 - 0% - 55%
2 - 0% - 45%
Last Minute Offensive  - 0:00
Last Minute Defensive  - 0:13
Total
Forward - 60:00
Defense - 60:00

Play-by-Play

1st period


0:01 of 1st period - Dylan Larkin wins face-off versus Derek Stepan in neutral zone.
0:42 of 1st period - Shot by Brock McGinn.
0:42 of 1st period - Stopped by Mike Smith with a rebound.
0:44 of 1st period - Shot by Derek Stepan.
0:44 of 1st period - Shot Blocked by Joshua Morrissey.
1:49 of 1st period - Johan Larsson is hit by Matthew Calvert and loses puck.
3:05 of 1st period - Icing by Adam Larsson.
3:06 of 1st period - Casey Cizikas wins face-off versus Justin Abdelkader in SALEM BLACK JAYS zone.
4:07 of 1st period - Off-side.
4:08 of 1st period - Johan Larsson wins face-off versus Mathew Barzal in neutral zone.
4:32 of 1st period - Shot by Mathew Barzal.
4:32 of 1st period - Shot Blocked by David Savard.
6:36 of 1st period - Mikko Rantanen is hit by Erik Johnson and loses puck.
7:03 of 1st period - Icing by Riley Nash.
7:04 of 1st period - Jack Roslovic wins face-off versus Casey Cizikas in TEXAS TOROS zone.
7:28 of 1st period - Shot by Par Lindholm.
7:28 of 1st period - Shot Blocked by Madison Bowey.
7:34 of 1st period - Shot by Martin Necas.
7:34 of 1st period - Stopped by Cory Schneider with a rebound.
7:36 of 1st period - Shot by Martin Necas.
7:36 of 1st period - Shot Blocked by Madison Bowey.
7:40 of 1st period - Shot by Par Lindholm.
7:40 of 1st period - Stopped by Cory Schneider with a rebound.
7:49 of 1st period - Minor Penalty to Madison Bowey for Holding.
7:50 of 1st period - Dylan Larkin wins face-off versus Derek Stepan in TEXAS TOROS zone.
8:48 of 1st period - Shot by Mikko Rantanen.
8:48 of 1st period - Stopped by Cory Schneider without a rebound.
8:49 of 1st period - Mathew Barzal wins face-off versus Johan Larsson in TEXAS TOROS zone.
8:58 of 1st period - Shot by Cody Ceci.
8:58 of 1st period - Shot Blocked by Brock McGinn.
9:00 of 1st period - Shot by Cody Ceci.
9:00 of 1st period - Shot Blocked by David Savard.
9:02 of 1st period - Shot by Mikko Rantanen.
9:02 of 1st period - Shot Hit the Post.
9:45 of 1st period - Icing by Anthony DeAngelo.
9:46 of 1st period - Brock McGinn wins face-off versus Dylan Larkin in SALEM BLACK JAYS zone.
9:59 of 1st period - Shot by Casey Cizikas.
9:59 of 1st period - Deflect By Martin Necas.
9:59 of 1st period - Stopped by Cory Schneider without a rebound.
10:00 of 1st period - Par Lindholm wins face-off versus Riley Nash in TEXAS TOROS zone.
10:13 of 1st period - Shot by Par Lindholm.
10:13 of 1st period - Shot Misses the Net.
11:08 of 1st period - Shot by Dylan Larkin.
11:08 of 1st period - Stopped by Cory Schneider without a rebound.
11:09 of 1st period - Derek Stepan wins face-off versus Mathew Barzal in TEXAS TOROS zone.
11:09 of 1st period - Nikolaj Ehlers is hit by Mikko Rantanen.
11:23 of 1st period - Shot by Nikolaj Ehlers.
11:23 of 1st period - Shot Misses the Net.
11:30 of 1st period - Derek Stepan is hit by Scott Mayfield and loses puck.
11:50 of 1st period - Shot by Nikolaj Ehlers.
11:50 of 1st period - Stopped by Mike Smith without a rebound.
11:51 of 1st period - Johan Larsson wins face-off versus Matthew Calvert in SALEM BLACK JAYS zone.
12:14 of 1st period - Icing by Cody Ceci.
12:15 of 1st period - Dylan Larkin wins face-off versus Riley Nash in SALEM BLACK JAYS zone.
12:15 of 1st period - Dylan Larkin is hit by Nick Cousins.
12:33 of 1st period - Matthew Calvert is hit by Riley Nash and loses puck.
12:43 of 1st period - Icing by Madison Bowey.
12:44 of 1st period - Mathew Barzal wins face-off versus Riley Nash in TEXAS TOROS zone.
12:47 of 1st period - Shot by Mikko Rantanen.
12:47 of 1st period - Shot Misses the Net.
12:53 of 1st period - Madison Bowey is hit by Mikko Rantanen and loses puck.
13:12 of 1st period - Shot by Mikko Rantanen.
13:12 of 1st period - Goal by Mikko Rantanen - SALEM BLACK JAYS : 1 - TEXAS TOROS : 0.
13:13 of 1st period - Casey Cizikas wins face-off versus Derek Stepan in neutral zone.
13:23 of 1st period - Casey Cizikas is hit by Brock McGinn and loses puck.
13:42 of 1st period - Shot by Par Lindholm.
13:42 of 1st period - Shot Misses the Net.
14:28 of 1st period - Shot by Jake Virtanen.
14:28 of 1st period - Stopped by Mike Smith with a rebound.
14:45 of 1st period - Icing by Erik Gustafsson.
14:46 of 1st period - Dylan Larkin wins face-off versus Johan Larsson in TEXAS TOROS zone.
14:46 of 1st period - Dylan Larkin is hit by Erik Gustafsson.
15:27 of 1st period - Jack Roslovic is hit by Matthew Calvert and loses puck.
15:56 of 1st period - Icing by Nick Cousins.
15:57 of 1st period - Riley Nash wins face-off versus Mathew Barzal in TEXAS TOROS zone.
16:21 of 1st period - Nick Cousins is hit by Mathew Barzal and loses puck.
16:34 of 1st period - Minor Penalty to Mikko Rantanen for Hooking.
16:35 of 1st period - Dylan Larkin wins face-off versus Derek Stepan in SALEM BLACK JAYS zone.
16:48 of 1st period - Nikolaj Ehlers is hit by Dylan Larkin.
16:58 of 1st period - Shot by Derek Stepan.
16:58 of 1st period - Shot Misses the Net.
17:56 of 1st period - Shot by Jake Virtanen.
17:56 of 1st period - Shot Misses the Net.
18:00 of 1st period - Shot by Jake Virtanen.
18:00 of 1st period - Shot Misses the Net.
18:02 of 1st period - Shot by David Savard.
18:02 of 1st period - Stopped by Mike Smith without a rebound.
18:03 of 1st period - Dylan Larkin wins face-off versus Derek Stepan in SALEM BLACK JAYS zone.
Goals for this period are 1 for SALEM BLACK JAYS vs 0 for TEXAS TOROS.
Shots for this period are 6 for SALEM BLACK JAYS vs 4 for TEXAS TOROS.

2nd period


0:01 of 2nd period - Derek Stepan wins face-off versus Mathew Barzal in neutral zone.
0:06 of 2nd period - Shot by Nikolaj Ehlers.
0:06 of 2nd period - Stopped by Mike Smith with a rebound.
0:20 of 2nd period - Shot by Derek Stepan.
0:20 of 2nd period - Stopped by Mike Smith with a rebound.
0:22 of 2nd period - Shot by Erik Johnson.
0:22 of 2nd period - Stopped by Mike Smith with a rebound.
0:24 of 2nd period - Shot by Brock McGinn.
0:24 of 2nd period - Stopped by Mike Smith without a rebound.
0:25 of 2nd period - Dylan Larkin wins face-off versus Johan Larsson in SALEM BLACK JAYS zone.
0:32 of 2nd period - Shot by Jake Virtanen.
0:32 of 2nd period - Stopped by Mike Smith without a rebound.
0:33 of 2nd period - Justin Abdelkader wins face-off versus Dylan Larkin in SALEM BLACK JAYS zone.
0:33 of 2nd period - Tyson Barrie is hit by Scott Mayfield and loses puck.
0:42 of 2nd period - Shot by Derek Stepan.
0:42 of 2nd period - Stopped by Mike Smith with a rebound.
0:56 of 2nd period - Tyson Barrie is hit by Scott Mayfield.
1:00 of 2nd period - Shot by Alexander Wennberg.
1:00 of 2nd period - Goal by Alexander Wennberg - SALEM BLACK JAYS : 1 - TEXAS TOROS : 1.
1:01 of 2nd period - Mathew Barzal wins face-off versus Johan Larsson in neutral zone.
1:18 of 2nd period - Shot by Jake Virtanen.
1:18 of 2nd period - Stopped by Mike Smith without a rebound.
1:19 of 2nd period - Derek Stepan wins face-off versus Par Lindholm in SALEM BLACK JAYS zone.
1:19 of 2nd period - Derek Stepan is hit by Scott Mayfield.
1:40 of 2nd period - Shot by Par Lindholm.
1:40 of 2nd period - Stopped by Cory Schneider without a rebound.
1:41 of 2nd period - Dylan Larkin wins face-off versus Johan Larsson in TEXAS TOROS zone.
1:41 of 2nd period - Dylan Larkin is hit by David Savard.
1:47 of 2nd period - Shot by Dylan Larkin.
1:47 of 2nd period - Shot Misses the Net.
2:18 of 2nd period - Icing by Joshua Morrissey.
2:19 of 2nd period - Derek Stepan wins face-off versus Dylan Larkin in SALEM BLACK JAYS zone.
2:38 of 2nd period - Shot by Nikolaj Ehlers.
2:38 of 2nd period - Stopped by Mike Smith without a rebound.
2:39 of 2nd period - Mathew Barzal wins face-off versus Riley Nash in SALEM BLACK JAYS zone.
2:44 of 2nd period - Nick Cousins is hit by Mathew Barzal and loses puck.
2:51 of 2nd period - Shot by Mathew Barzal.
2:51 of 2nd period - Shot Blocked by Madison Bowey.
2:53 of 2nd period - Shot by Mathew Barzal.
2:53 of 2nd period - Shot Misses the Net.
3:21 of 2nd period - Shot by Mikko Rantanen.
3:21 of 2nd period - Stopped by Cory Schneider with a rebound.
3:23 of 2nd period - Shot by Mathew Barzal.
3:23 of 2nd period - Deflect By Mikko Rantanen.
3:23 of 2nd period - Shot Misses the Net.
3:41 of 2nd period - Jason Demers is hit by Brock McGinn and loses puck.
3:50 of 2nd period - Shot by Nikolaj Ehlers.
3:50 of 2nd period - Shot Misses the Net.
3:54 of 2nd period - Shot by Derek Stepan.
3:54 of 2nd period - Stopped by Mike Smith without a rebound.
3:55 of 2nd period - Mitchell Marner wins face-off versus Johan Larsson in SALEM BLACK JAYS zone.
5:06 of 2nd period - Icing by Derek Stepan.
5:07 of 2nd period - Derek Stepan wins face-off versus Mathew Barzal in TEXAS TOROS zone.
5:20 of 2nd period - Nikolaj Ehlers is hit by Adam Larsson and loses puck.
5:29 of 2nd period - Shot by Mikko Rantanen.
5:29 of 2nd period - Shot Blocked by Erik Johnson.
5:34 of 2nd period - Minor Penalty to Marcus Johansson for Cross-checking.
5:35 of 2nd period - Johan Larsson wins face-off versus Mikko Rantanen in SALEM BLACK JAYS zone.
5:46 of 2nd period - Shot by Erik Gustafsson.
5:46 of 2nd period - Shot Misses the Net.
5:48 of 2nd period - Shot by David Savard.
5:48 of 2nd period - Stopped by Mike Smith without a rebound.
5:49 of 2nd period - Derek Stepan wins face-off versus Mikko Rantanen in SALEM BLACK JAYS zone.
6:04 of 2nd period - Shot by Tyson Barrie.
6:04 of 2nd period - Stopped by Mike Smith without a rebound.
6:05 of 2nd period - Dylan Larkin wins face-off versus Johan Larsson in SALEM BLACK JAYS zone.
6:19 of 2nd period - Jake Virtanen is hit by Scott Mayfield and loses puck.
7:02 of 2nd period - Par Lindholm is hit by Brock McGinn and loses puck.
7:21 of 2nd period - Shot by Nikolaj Ehlers.
7:21 of 2nd period - Stopped by Mike Smith without a rebound.
7:22 of 2nd period - Derek Stepan wins face-off versus Mikko Rantanen in SALEM BLACK JAYS zone.
8:00 of 2nd period - Shot by Jack Roslovic.
8:00 of 2nd period - Shot Misses the Net.
9:02 of 2nd period - Shot by Dylan Larkin.
9:02 of 2nd period - Shot Misses the Net.
9:13 of 2nd period - Off-side.
9:14 of 2nd period - Johan Larsson wins face-off versus Casey Cizikas in neutral zone.
9:27 of 2nd period - Shot by Johan Larsson.
9:27 of 2nd period - Shot Blocked by Cody Ceci.
10:01 of 2nd period - Icing by David Savard.
10:02 of 2nd period - Johan Larsson wins face-off versus Mathew Barzal in TEXAS TOROS zone.
10:02 of 2nd period - Johan Larsson is hit by Mikko Rantanen.
10:36 of 2nd period - Madison Bowey is hit by Adam Larsson and loses puck.
10:39 of 2nd period - Shot by Nick Cousins.
10:39 of 2nd period - Stopped by Mike Smith without a rebound.
10:40 of 2nd period - Dylan Larkin wins face-off versus Derek Stepan in SALEM BLACK JAYS zone.
10:45 of 2nd period - Shot by Dylan Larkin.
10:45 of 2nd period - Stopped by Cory Schneider without a rebound.
10:46 of 2nd period - Derek Stepan wins face-off versus Dylan Larkin in TEXAS TOROS zone.
11:15 of 2nd period - Nikolaj Ehlers is hit by Matthew Calvert.
11:16 of 2nd period - Icing by Nikolaj Ehlers.
11:17 of 2nd period - Derek Stepan wins face-off versus Mathew Barzal in TEXAS TOROS zone.
11:34 of 2nd period - Shot by Mikko Rantanen.
11:34 of 2nd period - Shot Misses the Net.
11:36 of 2nd period - Shot by Mikko Rantanen.
11:36 of 2nd period - Stopped by Cory Schneider without a rebound.
11:37 of 2nd period - Par Lindholm wins face-off versus Johan Larsson in TEXAS TOROS zone.
12:26 of 2nd period - Minor Penalty to Nick Cousins for Roughing.
12:27 of 2nd period - Derek Stepan wins face-off versus Dylan Larkin in TEXAS TOROS zone.
13:50 of 2nd period - Shot by Mathew Barzal.
13:50 of 2nd period - Stopped by Cory Schneider without a rebound.
13:51 of 2nd period - Brock McGinn wins face-off versus Dylan Larkin in TEXAS TOROS zone.
14:00 of 2nd period - Erik Johnson is hit by Dylan Larkin and loses puck.
14:51 of 2nd period - Off-side.
14:52 of 2nd period - Justin Abdelkader wins face-off versus Mathew Barzal in neutral zone.
15:12 of 2nd period - Shot by Mikko Rantanen.
15:12 of 2nd period - Stopped by Cory Schneider with a rebound.
15:14 of 2nd period - Shot by Cody Ceci.
15:14 of 2nd period - Stopped by Cory Schneider without a rebound.
15:15 of 2nd period - Casey Cizikas wins face-off versus Riley Nash in TEXAS TOROS zone.
15:35 of 2nd period - Off-side.
15:36 of 2nd period - Derek Stepan wins face-off versus Dylan Larkin in neutral zone.
15:50 of 2nd period - Icing by Michal Kempny.
15:51 of 2nd period - Johan Larsson wins face-off versus Matthew Calvert in SALEM BLACK JAYS zone.
16:12 of 2nd period - Dylan Larkin is hit by Johan Larsson and loses puck.
16:20 of 2nd period - Icing by David Savard.
16:21 of 2nd period - Mathew Barzal wins face-off versus Johan Larsson in TEXAS TOROS zone.
17:34 of 2nd period - Shot by Martin Necas.
17:34 of 2nd period - Stopped by Cory Schneider without a rebound.
17:35 of 2nd period - Dylan Larkin wins face-off versus Derek Stepan in TEXAS TOROS zone.
17:38 of 2nd period - Shot by Dylan Larkin.
17:38 of 2nd period - Shot Misses the Net.
17:40 of 2nd period - Shot by Mitchell Marner.
17:40 of 2nd period - Goal by Mitchell Marner - SALEM BLACK JAYS : 2 - TEXAS TOROS : 1.
17:41 of 2nd period - Derek Stepan wins face-off versus Dylan Larkin in neutral zone.
18:09 of 2nd period - Icing by Mitchell Marner.
18:10 of 2nd period - Riley Nash wins face-off versus Dylan Larkin in SALEM BLACK JAYS zone.
18:21 of 2nd period - Shot by Jack Roslovic.
18:21 of 2nd period - Stopped by Mike Smith without a rebound.
18:22 of 2nd period - Mathew Barzal wins face-off versus Justin Abdelkader in SALEM BLACK JAYS zone.
18:22 of 2nd period - Mathew Barzal is hit by Justin Abdelkader.
18:47 of 2nd period - Off-side.
18:48 of 2nd period - Casey Cizikas wins face-off versus Riley Nash in neutral zone.
19:16 of 2nd period - Adam Larsson is hit by Nick Cousins and loses puck.
19:29 of 2nd period - Shot by Casey Cizikas.
19:29 of 2nd period - Stopped by Cory Schneider without a rebound.
19:30 of 2nd period - Derek Stepan wins face-off versus Dylan Larkin in TEXAS TOROS zone.
19:39 of 2nd period - Icing by Mitchell Marner.
19:40 of 2nd period - Dylan Larkin wins face-off versus Derek Stepan in SALEM BLACK JAYS zone.
Goals for this period are 1 for SALEM BLACK JAYS vs 1 for TEXAS TOROS.
Shots for this period are 10 for SALEM BLACK JAYS vs 15 for TEXAS TOROS.

3rd period


0:01 of 3rd period - Mathew Barzal wins face-off versus Derek Stepan in neutral zone.
0:22 of 3rd period - Shot by Nikolaj Ehlers.
0:22 of 3rd period - Shot Blocked by Scott Mayfield.
0:24 of 3rd period - Shot by Erik Johnson.
0:24 of 3rd period - Shot Misses the Net.
0:30 of 3rd period - Shot by Derek Stepan.
0:30 of 3rd period - Shot Misses the Net.
0:32 of 3rd period - Shot by Derek Stepan.
0:32 of 3rd period - Deflect By Nikolaj Ehlers.
0:32 of 3rd period - Shot Blocked by Michal Kempny.
0:44 of 3rd period - Shot by Derek Stepan.
0:44 of 3rd period - Stopped by Mike Smith without a rebound.
0:45 of 3rd period - Johan Larsson wins face-off versus Dylan Larkin in SALEM BLACK JAYS zone.
0:45 of 3rd period - Jake Virtanen is hit by Joshua Morrissey and loses puck.
1:16 of 3rd period - Shot by Dylan Larkin.
1:16 of 3rd period - Stopped by Cory Schneider without a rebound.
1:17 of 3rd period - Casey Cizikas wins face-off versus Riley Nash in TEXAS TOROS zone.
1:26 of 3rd period - Shot by Martin Necas.
1:26 of 3rd period - Shot Misses the Net.
1:28 of 3rd period - Shot by Adam Larsson.
1:28 of 3rd period - Stopped by Cory Schneider with a rebound.
1:50 of 3rd period - Shot by Casey Cizikas.
1:50 of 3rd period - Shot Blocked by Madison Bowey.
1:52 of 3rd period - Shot by Casey Cizikas.
1:52 of 3rd period - Stopped by Cory Schneider with a rebound.
2:16 of 3rd period - Shot by Mathew Barzal.
2:16 of 3rd period - Stopped by Cory Schneider without a rebound.
2:17 of 3rd period - Derek Stepan wins face-off versus Dylan Larkin in TEXAS TOROS zone.
2:26 of 3rd period - Shot by Derek Stepan.
2:26 of 3rd period - Stopped by Mike Smith without a rebound.
2:27 of 3rd period - Derek Stepan wins face-off versus Mathew Barzal in SALEM BLACK JAYS zone.
2:27 of 3rd period - Derek Stepan is hit by Joshua Morrissey.
2:35 of 3rd period - Shot by Derek Stepan.
2:35 of 3rd period - Shot Misses the Net.
2:37 of 3rd period - Shot by Erik Johnson.
2:37 of 3rd period - Shot Blocked by Joshua Morrissey.
2:40 of 3rd period - Icing by Cody Ceci.
2:41 of 3rd period - Johan Larsson wins face-off versus Mathew Barzal in SALEM BLACK JAYS zone.
2:41 of 3rd period - Sven Baertschi is hit by Cody Ceci and loses puck.
2:49 of 3rd period - Minor Penalty to Mathew Barzal for Hooking.
2:50 of 3rd period - Mikko Rantanen wins face-off versus Derek Stepan in SALEM BLACK JAYS zone.
3:24 of 3rd period - Shot by Tyson Barrie.
3:24 of 3rd period - Stopped by Mike Smith without a rebound.
3:25 of 3rd period - Dylan Larkin wins face-off versus Johan Larsson in SALEM BLACK JAYS zone.
3:34 of 3rd period - Shot by Erik Gustafsson.
3:34 of 3rd period - Stopped by Mike Smith without a rebound.
3:35 of 3rd period - Johan Larsson wins face-off versus Mikko Rantanen in SALEM BLACK JAYS zone.
5:05 of 3rd period - Shot by Trevor Lewis.
5:05 of 3rd period - Shot Misses the Net.
5:25 of 3rd period - Shot by Trevor Lewis.
5:25 of 3rd period - Stopped by Cory Schneider with a rebound.
5:45 of 3rd period - Shot by Dylan Larkin.
5:45 of 3rd period - Shot Misses the Net.
6:05 of 3rd period - Shot by Matthew Calvert.
6:05 of 3rd period - Shot Misses the Net.
6:07 of 3rd period - Shot by Matthew Calvert.
6:07 of 3rd period - Shot Hit the Post.
6:20 of 3rd period - Tyson Barrie is hit by Cody Ceci and loses puck.
6:28 of 3rd period - Icing by Cody Ceci.
6:29 of 3rd period - Johan Larsson wins face-off versus Mathew Barzal in SALEM BLACK JAYS zone.
6:29 of 3rd period - Johan Larsson is hit by Cody Ceci.
6:31 of 3rd period - Shot by David Savard.
6:31 of 3rd period - Deflect By Jake Virtanen.
6:31 of 3rd period - Stopped by Mike Smith without a rebound.
6:32 of 3rd period - Mathew Barzal wins face-off versus Johan Larsson in SALEM BLACK JAYS zone.
7:05 of 3rd period - Shot by Mathew Barzal.
7:05 of 3rd period - Stopped by Cory Schneider without a rebound.
7:06 of 3rd period - Derek Stepan wins face-off versus Casey Cizikas in TEXAS TOROS zone.
7:19 of 3rd period - Shot by Nikolaj Ehlers.
7:19 of 3rd period - Stopped by Mike Smith without a rebound.
7:20 of 3rd period - Justin Abdelkader wins face-off versus Dylan Larkin in SALEM BLACK JAYS zone.
7:20 of 3rd period - Derek Stepan is hit by Adam Larsson and loses puck.
7:29 of 3rd period - Shot by Derek Stepan.
7:29 of 3rd period - Shot Misses the Net.
8:01 of 3rd period - Shot by Derek Stepan.
8:01 of 3rd period - Goal by Derek Stepan - SALEM BLACK JAYS : 2 - TEXAS TOROS : 2.
8:02 of 3rd period - Sven Baertschi wins face-off versus Mathew Barzal in neutral zone.
8:18 of 3rd period - Minor Penalty to Erik Johnson for Elbowing.
8:19 of 3rd period - Mathew Barzal wins face-off versus Derek Stepan in TEXAS TOROS zone.
9:50 of 3rd period - Shot by Mitchell Marner.
9:50 of 3rd period - Deflect By Dylan Larkin.
9:50 of 3rd period - Shot Misses the Net.
10:59 of 3rd period - Shot by Casey Cizikas.
10:59 of 3rd period - Shot Misses the Net.
11:11 of 3rd period - Shot by Dylan Larkin.
11:11 of 3rd period - Deflect By Mitchell Marner.
11:11 of 3rd period - Shot Blocked by Dmitry Kulikov.
11:48 of 3rd period - Erik Gustafsson is hit by Joshua Morrissey and loses puck.
12:00 of 3rd period - Minor Penalty to Mathew Barzal for High sticking.
12:01 of 3rd period - Derek Stepan wins face-off versus Mikko Rantanen in SALEM BLACK JAYS zone.
12:36 of 3rd period - Shot by Nikolaj Ehlers.
12:36 of 3rd period - Deflect By Derek Stepan.
12:36 of 3rd period - Shot Misses the Net.
12:38 of 3rd period - Shot by Nikolaj Ehlers.
12:38 of 3rd period - Shot Misses the Net.
12:40 of 3rd period - Shot by Tyson Barrie.
12:40 of 3rd period - Goal by Tyson Barrie - SALEM BLACK JAYS : 2 - TEXAS TOROS : 3.
12:41 of 3rd period - Johan Larsson wins face-off versus Casey Cizikas in neutral zone.
12:43 of 3rd period - Jake Virtanen is hit by Jason Demers and loses puck.
13:07 of 3rd period - David Savard is hit by Par Lindholm and loses puck.
13:18 of 3rd period - Shot by Casey Cizikas.
13:18 of 3rd period - Shot Misses the Net.
13:20 of 3rd period - Shot by Par Lindholm.
13:20 of 3rd period - Stopped by Cory Schneider without a rebound.
13:21 of 3rd period - Mathew Barzal wins face-off versus Justin Abdelkader in TEXAS TOROS zone.
14:15 of 3rd period - Off-side.
14:16 of 3rd period - Riley Nash wins face-off versus Mitchell Marner in neutral zone.
14:46 of 3rd period - Shot by Dylan Larkin.
14:46 of 3rd period - Stopped by Cory Schneider without a rebound.
14:47 of 3rd period - Johan Larsson wins face-off versus Par Lindholm in TEXAS TOROS zone.
14:47 of 3rd period - Sven Baertschi is hit by Par Lindholm and loses puck.
14:53 of 3rd period - Icing by Madison Bowey.
14:54 of 3rd period - Johan Larsson wins face-off versus Casey Cizikas in TEXAS TOROS zone.
15:01 of 3rd period - Casey Cizikas is hit by Jake Virtanen and loses puck.
16:02 of 3rd period - Shot by Derek Stepan.
16:02 of 3rd period - Stopped by Mike Smith without a rebound.
16:03 of 3rd period - Dylan Larkin wins face-off versus Riley Nash in SALEM BLACK JAYS zone.
16:32 of 3rd period - Shot by Dylan Larkin.
16:32 of 3rd period - Stopped by Cory Schneider without a rebound.
16:33 of 3rd period - Derek Stepan wins face-off versus Marcus Johansson in TEXAS TOROS zone.
16:46 of 3rd period - Shot by Nikolaj Ehlers.
16:46 of 3rd period - Shot Hit the Post.
17:43 of 3rd period - Shot by Jake Virtanen.
17:43 of 3rd period - Deflect By Johan Larsson.
17:43 of 3rd period - Shot Misses the Net.
17:45 of 3rd period - Shot by Johan Larsson.
17:45 of 3rd period - Shot Misses the Net.
17:47 of 3rd period - Shot by David Savard.
17:47 of 3rd period - Shot Misses the Net.
18:45 of 3rd period - Icing by David Savard.
18:46 of 3rd period - Johan Larsson wins face-off versus Par Lindholm in TEXAS TOROS zone.
19:09 of 3rd period - SALEM BLACK JAYS, Mike Smith is pulled from the net.
19:54 of 3rd period - Mitchell Marner is hit by Justin Abdelkader.
Goals for this period are 0 for SALEM BLACK JAYS vs 2 for TEXAS TOROS.
Shots for this period are 9 for SALEM BLACK JAYS vs 9 for TEXAS TOROS.


JOHNNY
GAUDREAU
MATTHEW
BOLDY
OWEN
TIPPETT

EAST COAST

HOCKEY LEAGUE

  • 29.PIT6MAN7
  • 30.ATL6NHW2
  • 31.WOR4PET3
  • 32.3RHI4
  • 33.CHIQUE
  • 34.LIMCHA
  • 35.LONTRV
  • 36.BALCHW